 Dungeon Crawl Stone Soup version 0.24-a0-441-g27f0392e16 (webtiles) character file.

Game seed: 8991782264266665335

291 gruber the Conjurer (level 6, -2/36 HPs)
             Began as an Octopode Conjurer on June 19, 2019.
             Slain by Grinder (4 damage)
             ... on level 2 of the Dungeon.
             The game lasted 00:03:34 (1994 turns).

gruber the Conjurer (Octopode Conjurer)             Turns: 1994, Time: 00:03:34

Health: -2/36      AC:  1    Str:  7    XL:     6   Next: 32%
Magic:  12/12      EV: 13    Int: 20    God:
Gold:   71         SH:  0    Dex: 12    Spells: 8/14 levels left

rFire    . . .     SeeInvis .   r - +0 trident
rCold    + . .     Gourm    .   (no shield)
rNeg     . . .     Faith    .   (helmet restricted)
rPois    .         Spirit   .   (no amulet)
rElec    .         Reflect  .   a - ring of protection from cold
rCorr    .         Harm     .   (no ring)
MR       .....                  (no ring)
Stlth    +++.......             (no ring)
HPRegen  0.12/turn              (no ring)
MPRegen  0.13/turn              (no ring)
                                (no ring)
                                (no ring)

@: no status effects
A: almost no armour, stealthy swim, amphibious, 8 rings, constrict 8, camouflage
1, gelatinous body 1
a: no special abilities


You were on level 2 of the Dungeon.
You were hungry.

You visited 1 branch of the dungeon, and saw 3 of its levels.

You collected 71 gold pieces.

Inventory:

Hand Weapons
 m - a +0 short sword
 r - a +0 trident (weapon)
Missiles
 c - 15 poisoned darts (quivered)
Jewellery
 a - a ring of protection from cold (left tentacle)
 q - an uncursed ring of poison resistance
Wands
 o - a wand of paralysis (7)
Scrolls
 d - 2 scrolls of fog {unknown}
 e - 2 scrolls of enchant armour {unknown}
 f - 2 scrolls of identify {unknown}
 h - a scroll of noise {unknown}
 i - 4 scrolls of remove curse {unknown}
 j - 2 scrolls of teleportation {unknown}
 k - a scroll of immolation {unknown}
 l - a scroll of blinking {unknown}
 p - a scroll of fear {unknown}
Potions
 n - a potion of mutation {unknown}
Comestibles
 b - 4 rations


   Skills:
 - Level 2.0 Dodging
 - Level 2.6 Stealth
 * Level 4.5 Spellcasting
 + Level 5.8 Conjurations


You had 8 spell levels left.
You knew the following spells:

 Your Spells              Type           Power        Failure   Level  Hunger
a - Magic Dart            Conj           ####         1%          1    None
b - Searing Ray           Conj           ####..       1%          2    #......
c - Dazzling Spray        Conj/Hex       ###...       11%         3    ##.....

Your spell library contained the following spells:

 Spells                   Type           Power        Failure   Level  Hunger
 Iskenderun's Mystic Bla  Conj           ####....     11%         4    ####...
 Force Lance              Conj/Tloc      ###.....     36%         4    ####...
 Fulminant Prism          Conj/Hex       ###.......   36%         4    ####...


Dungeon Overview and Level Annotations

Branches:
Dungeon (3/15)

Altars:

Annotations:
D:2 Grinder


Innate Abilities, Weirdness & Mutations

You cannot wear most types of armour.
You are very stealthy in the water. (Stealth+)
You are amphibious.
You can wear up to eight rings at the same time.
You can use your tentacles to constrict eight enemies at once.
Your skin changes colour to match your surroundings (Stealth+).
Your rubbery body absorbs attacks. (AC +1, EV +1)


Message History

* * * LOW HITPOINT WARNING * * *
Grinder hits you but does no damage. Grinder gestures at you.
You shrug off the repeated paralysis!
You can move again.
Unknown command.
Unknown command.
Grinder barely misses you.
You climb upwards.
There is a stone staircase leading down here.
Unknown command.
Unknown command.
Unknown command.
Unknown command.
It was a potion of magic.
Magic courses through your body.
Grinder says, "FISH!"
Grinder hits you.
* * * LOW HITPOINT WARNING * * *
You writhe in agony.
You die...

####### ######
######...<.####....#######
#.......5...........รท.....
#.###[..(@.####....#######
#.#...##.### #....>...###
#.....##..### #.........[#
##..#.###...# #....###.<..
##.##...###.###....# ##.##
####..####.###...###### #.#
#....#####..####.## #.#
#.#####...........# #.#
##.# ##.......##.#.## #.##


You could see Grinder.

Vanquished Creatures
  Sigmund (D:2)
  A jelly (D:2)
  Jessica (D:2)
  2 adders
  2 worms
  An orc (D:3)
  6 bats
  3 giant cockroaches
  6 goblins
  3 hobgoblins
  10 jackals
  8 kobolds
  2 ball pythons
  5 frilled lizards
  3 rats
54 creatures vanquished.

Vanquished Creatures (others)
  5 toadstools (D:1)
5 creatures vanquished.

Grand Total: 59 creatures vanquished

Notes
Turn   | Place    | Note
-------+----------+-------------------------------------------
     0 | D:1      | gruber the Octopode Conjurer began the quest for the Orb.
     0 | D:1      | Reached XP level 1. HP: 11/11 MP: 3/3
   187 | D:1      | Reached XP level 2. HP: 17/17 MP: 0/5
   514 | D:1      | Reached XP level 3. HP: 21/21 MP: 0/6
   537 | D:1      | You fall into a shaft and drop 1 floor!
   592 | D:2      | Learned a level 2 spell: Searing Ray
   596 | D:2      | Learned a level 3 spell: Dazzling Spray
   869 | D:2      | Noticed Jessica
   871 | D:2      | Killed Jessica
   871 | D:2      | Reached skill level 5 in Conjurations
   871 | D:2      | Reached XP level 4. HP: 27/27 MP: 4/8
  1265 | D:2      | Noticed Sigmund
  1397 | D:2      | Killed Sigmund
  1397 | D:2      | Reached XP level 5. HP: 25/31 MP: 3/11
  1397 | D:2      | Reached XP level 6. HP: 29/36 MP: 3/12
  1906 | D:3      | Noticed Grinder
  1987 | D:3      | Paralysed by Grinder for 5 turns
  1994 | D:2      | Slain by Grinder

Levels and vault maps discovered:
D:1:      ldierk_walled_garden, layout_loops_ring
D:2:      layout_rooms, first_ration, uniq_sigmund, uniq_jessica
D:3:      layout_loops_ring, lemuel_blue_sif_altar, uniq_terence, uniq_grinder,
          uniq_robin

Skill      XL: |  1  2  3  4 |
---------------+-------------+-----
Conjurations   | 5 |  5.8
Spellcasting   | 4 |  4.5
Dodging        | |  2.0
Stealth        | |  2.6

Action                   |  1- 3 |  4- 6 || total
-------------------------+-------+-------++-------
Melee: Unarmed           |    46 |     1 ||    47
       Constrict         |    16 |     8 ||    24
       Tentacles         |     5 |     6 ||    11
       Short sword       |       |    22 ||    22
       Trident           |       |    25 ||    25
Throw: Dart              |     7 |       ||     7
 Cast: Magic Dart        |    39 |    14 ||    53
       Searing Ray       |       |     8 ||     8
Evoke: Wand              |       |     1 ||     1
  Use: Potion            |       |     1 ||     1
 Stab: Sleeping          |     2 |     1 ||     3
       Paralysed         |       |     3 ||     3
       Distracted        |       |     1 ||     1
  Eat: Chunk             |       |     3 ||     3
Armor: Skin              |     7 |     3 ||    10
Dodge: Dodged            |    60 |    40 ||   100

Table legend:
 A = Non-vault XP
 B = Vault XP
 C = Vault XP percentage of total XP
 D = Non-vault monster count
 E = Vault monster count
 F = Vault count percentage of total count
                 A         B        C        D         E       F
            +---------+---------+-------+---------+---------+-------
      Total |     156 |     260 |  62.5 |      52 |       2 |   3.7
            +---------+---------+-------+---------+---------+-------
        D:1 |      35 |       0 |   0.0 |      22 |       0 |   0.0
        D:2 |      95 |     260 |  73.2 |      24 |       2 |   7.7
        D:3 |      26 |       0 |   0.0 |       6 |       0 |   0.0
            +---------+---------+-------+---------+---------+-------
